 Dungeon Crawl Stone Soup version 0.17-a0-1460-g8163d8a (webtiles) character file.

103 Vlagh the Conjurer (level 4, 0/24 HPs)
             Began as a Deep Elf Conjurer on July 1, 2015.
             Slain by a gnoll
             ... wielding a +0 club
              (5 damage)
             ... on level 2 of the Dungeon.
             The game lasted 00:08:30 (1836 turns).

Vlagh the Conjurer (Deep Elf Conjurer)              Turns: 1836, Time: 00:08:30

Health: 0/24       AC:  3    Str:  5    XL:     4   Next: 51%
Magic:  0/12       EV: 14    Int: 21    God:
Gold:   52         SH:  0    Dex: 15    Spells: 4 memorised, 1 level left

rFire  . . .     SeeInvis .     n - +1 dagger (elec)
rCold  . . .     Clarity  .     o - +1 robe {rN+}
rNeg   + . .     SustAt   .     (no shield)
rPois  .         Gourm    .     (no helmet)
rElec  .         Spirit   .     (no cloak)
rCorr  .         Warding  .     (no gloves)
rMut   .         Stasis   .     (no boots)
MR     .....                    (no amulet)
Stlth  ++........               (no ring)
                                (no ring)

@: not resistant to hostile enchantments, unstealthy
A: no striking features
a: no special abilities


You were on level 2 of the Dungeon.
You were not hungry.

You visited 1 branch of the dungeon, and saw 2 of its levels.

You collected 52 gold pieces.

Inventory:

Hand weapons
 n - a +1 dagger of electrocution (weapon)
Armour
 a - a +0 robe
 o - a +1 robe of positive energy (worn)
Scrolls
 f - a scroll of teleportation {unknown}
 h - a scroll of enchant weapon {unknown}
 i - 3 scrolls of identify {unknown}
 j - a scroll of fear {unknown}
 k - 2 scrolls of amnesia {unknown}
 l - 3 scrolls of remove curse {unknown}
 m - a scroll of fog {unknown}
 p - a scroll of magic mapping {unknown}
 r - a scroll of blinking {unknown}
 s - a scroll of enchant armour {unknown}
Potions
 e - a potion of heal wounds {unknown}
 t - a potion of mutation {unknown}
Books
 b - a book of Conjurations

   Spells                             Type                      Level
   a - Magic Dart                     Conjuration                  1
   b - Searing Ray                    Conjuration                  2
   c - Dazzling Spray                 Conjuration/Hexes            3
   d - Fulminant Prism                Conjuration/Hexes            4
   e - Iskenderun's Mystic Blast      Conjuration                  4
   f - Iskenderun's Battlesphere      Conjuration/Charms           5
Comestibles
 c - 3 bread rations
 d - 3 chunks of flesh
 g - a slice of pizza
 q - 2 meat rations


   Skills:
 * Level 0.5 Fighting
 + Level 3.9 Dodging
 - Level 2.4 Stealth
 + Level 4.3 Spellcasting
 + Level 5.1 Conjurations


You had one spell level left.
You knew the following spells:

 Your Spells              Type           Power        Failure   Level  Hunger
a - Magic Dart            Conj           ####         1%          1    None
b - Searing Ray           Conj           ####..       1%          2    #......
c - Dazzling Spray        Conj/Hex       ###.....     14%         3    ##.....
d - Iskenderun's Mystic   Conj           ####....     17%         4    ####...


Dungeon Overview and Level Annotations

Branches:
Dungeon (2/15)

Altars:


Message History

The gnoll hits you with a spear!
You see here a whip.
You hit the gnoll.
The gnoll is moderately wounded.
The gnoll hits you with a spear!
* * * LOW HITPOINT WARNING * * *
You completely miss the gnoll.
The gnoll is moderately wounded.
The gnoll misses you.
You hit the gnoll but do no damage.
There is a sudden explosion of sparks!
You kill the gnoll!
Casting: Searing Ray
Confirm with . or Enter, or press ? or * to list all spells.
Aiming: Magic Dart
Press: ? - help, Shift-Dir - straight line, f - gnoll
Aim: a gnoll, wielding a club (almost dead)
The magic dart hits the gnoll.
The gnoll is almost dead.
The gnoll hits you with a club.
You die...

........# #.#.# ##......# #..รท#
#......#. #...# #..(...#..
#...######## #.)....#...
#.[........# #......# ?..
.#####..#####.# #......#
..........# #.# #......#
#.#####..#####.# #......#
#.g@..#...(....# ##......#
######.##..#########
.(...........[..............)..#
##################.###.#######.#
..# #####+###..######.# #.#
........#.>.......# #>#
..................#
#.###########........#########.#
#.....................# #.#


You could see a gnoll.

Vanquished Creatures
  Natasha (D:2)
  3 gnolls (D:2)
  A worm (D:2)
  2 giant geckos
  10 goblins
  A hobgoblin (D:2)
  2 jackals (D:1)
  9 kobolds
  A ball python (D:1)
  8 bats
  4 giant cockroaches
  2 giant newts (D:1)
  2 rats (D:1)
46 creatures vanquished.

Notes
Turn   | Place    | Note
--------------------------------------------------------------
     0 | D:1      | Vlagh the Deep Elf Conjurer began the quest for the Orb.
     0 | D:1      | Reached XP level 1. HP: 10/10 MP: 6/6
   268 | D:1      | Reached XP level 2. HP: 15/15 MP: 5/8
   272 | D:1      | Learned a level 2 spell: Searing Ray
   877 | D:1      | Reached XP level 3. HP: 19/19 MP: 6/10
   882 | D:1      | Learned a level 3 spell: Dazzling Spray
  1559 | D:2      | Noticed Natasha
  1565 | D:2      | Killed Natasha
  1565 | D:2      | Reached skill level 5 in Conjurations
  1565 | D:2      | Reached XP level 4. HP: 13/24 MP: 4/12
  1708 | D:2      | Learned a level 4 spell: Iskenderun's Mystic Blast
  1836 | D:2      | Slain by a gnoll

Vault maps used:
D:1:      erik_arrival_cave_to_civilisation, minmay_misc_feat_alley,
          roderic_serpentine_path, minmay_misc_feat_room
D:2:      uniq_natasha

Action                   |  1- 3 |  4- 6 || total
-------------------------+-------+-------++-------
Melee: Dagger            |     2 |     3 ||     5
 Cast: Magic Dart        |    65 |    13 ||    78
       Searing Ray       |     5 |     2 ||     7
  Eat: Chunk             |     2 |     1 ||     3
